 Dungeon Crawl Stone Soup version 0.22-a0-422-g9628fc87f1 (webtiles) character file.

98687 Kriby the Severer (level 16, -7/143 HPs)
             Began as a Hill Orc Fighter on May 16, 2018.
             Was the Champion of Beogh.
             Mangled by an enormous slime creature (69 damage)
             ... on level 15 of the Dungeon.
             The game lasted 00:39:15 (24132 turns).

Kriby the Severer (Hill Orc Fighter)               Turns: 24132, Time: 00:39:15

Health: -7/143     AC: 16    Str: 30    XL:     16   Next: 23%
Magic:  24/24      EV: 20    Int:  8    God:    Beogh [******]
Gold:   1445       SH: 17    Dex: 12    Spells: 15/15 levels left

rFire    + . .     SeeInvis +   a - +4 war axe
rCold    + . .     Gourm    .   c - +2 shield
rNeg     + . .     Faith    .   s - +5 ring mail of the Black Skies {Str+4}
rPois    .         Spirit   .   (helmet restricted)
rElec    +         Reflect  +   G - +0 cloak {+Inv}
rCorr    .         Harm     .   e - +2 pair of gloves
MR       +....                  P - +0 pair of boots
Stlth    +++.......             I - +2 amulet of reflection
HPRegen  0.33/turn              n - ring of see invisible
MPRegen  0.19/turn              T - ring "Vojeaxew" {rElec rF+ rN+ Dex-3 Stlth+}

@: agile
A: walk on water, horns 1, cold resistance 1, deformed body
a: Smiting, Recall Orcish Followers, Give Item to Named Follower, Resurrection,
Renounce Religion, Evoke Invisibility


You were on level 15 of the Dungeon.
You worshipped Beogh.
Beogh was exalted by your worship.
You were hungry.

You visited 2 branches of the dungeon, and saw 21 of its levels.
You also visited: Bailey.

You collected 1535 gold pieces.
You spent 90 gold pieces at shops.

Inventory:

Hand Weapons
 a - a +4 war axe (weapon)
 b - a +0 morningstar of holy wrath
 Y - a +1 halberd of electrocution
 Z - a +0 halberd of electrocution
Missiles
 y - 2 poisoned javelins (quivered)
 X - 68 tomahawks of returning
Armour
 c - a +2 shield (worn)
 e - a +2 pair of gloves (worn)
 s - the +5 ring mail of the Black Skies (worn) {Str+4}
   (You found it on level 4 of the Dungeon)

   It affects your strength (+4).
 E - a +0 plate armour
 G - a +0 cloak of invisibility (worn)
 P - a +0 pair of boots (worn)
Jewellery
 n - a ring of see invisible (left hand)
 p - an uncursed ring of resist corrosion
 q - an uncursed ring of protection from fire
 v - an uncursed ring of poison resistance
 z - an uncursed amulet of magic regeneration
 D - an uncursed ring of protection from fire
 I - a +2 amulet of reflection (around neck)
 K - an uncursed amulet of faith
 L - an uncursed ring of protection from fire
 S - the ring of Wonder {*Corrode +Inv rN+++ Str+3}
   (You found it on level 11 of the Dungeon)

   [ring of strength]

   It affects your strength (+3).
   It renders you almost immune to negative energy.
   It lets you turn invisible.
   It may corrode you when you take damage.
 T - the ring "Vojeaxew" (right hand) {rElec rF+ rN+ Dex-3 Stlth+}
   (You found it on level 6 of the Lair of Beasts)

   [ring of protection from fire]

   It affects your dexterity (-3).
   It protects you from fire.
   It insulates you from electricity.
   It protects you from negative energy.
   It makes you more stealthy.
 W - an uncursed ring of flight {unknown}
Wands
 d - a wand of flame (67)
 F - a wand of polymorph (9)
 N - a wand of disintegration (12)
 Q - a wand of enslavement (10)
 U - a wand of paralysis (4)
Scrolls
 g - 10 scrolls of teleportation
 m - 3 scrolls of fog
 o - 3 scrolls of remove curse
 r - 5 scrolls of amnesia
 u - a scroll of enchant armour
 x - a scroll of summoning
 A - 4 scrolls of identify
 B - 4 scrolls of enchant weapon {unknown}
 H - 2 scrolls of blinking
Potions
 h - 2 potions of berserk rage
 i - 17 potions of curing
 j - 4 potions of magic
 k - 4 potions of brilliance
 l - a potion of cancellation
 t - 2 potions of agility
 w - a potion of haste
 C - 4 potions of heal wounds
 O - a potion of flight
 R - 4 potions of mutation
Miscellaneous
 V - a sack of spiders
Comestibles
 f - 31 rations
 J - 4 chunks of flesh


   Skills:
 + Level 13.0 Fighting
 * Level 19.2 Axes
 + Level 12.1 Armour
 + Level 8.6 Dodging
 + Level 11.7 Shields
 + Level 11.6 Invocations


You had 15 spell levels left.
You didn't know any spells.
Your spell library contained the following spells:

 Spells                   Type           Power        Failure   Level  Hunger
 Fireball                 Conj/Fire      #.........   100%        5    ######.
 Apportation              Tloc           #.....       65%         1    ##.....
 Bolt of Fire             Conj/Fire      #.........   100%        6    #######
 Confuse                  Hex            #.......     95%         3    ####...
 Invisibility             Hex            #.......     100%        6    #######
 Ring of Flames           Chrm/Fire      #.........   100%        7    #######
 Summon Small Mammal      Summ           #...         65%         1    ##.....
 Animate Skeleton         Necr           N/A          65%         1    ##.....
 Tukima's Dance           Hex            #.......     95%         3    ####...
 Confusing Touch          Hex            #.....       65%         1    ##.....
 Ignite Poison            Fire/Tmut/Pois #.......     95%         3    ####...
 Metabolic Englaciation   Hex/Ice        #.........   100%        5    ######.
 Summon Butterflies       Summ           #.......     65%         1    ##.....
 Alistair's Intoxication  Tmut/Pois      #.......     100%        5    ######.
 Petrify                  Tmut/Erth      #.......     100%        4    #####..
 Gell's Gravitas          Tloc           #.........   95%         3    ####...
 Yara's Violent Unravell  Hex/Tmut       #.........   100%        5    ######.
 Lesser Beckoning         Tloc           #.........   95%         3    ####...
 Ignition                 Fire           #.........   100%        8    #######


Dungeon Overview and Level Annotations

Branches:
Dungeon (15/15)            Temple (0/1) D:7            Lair (6/6) D:9
 Shoals (0/4) Lair:2       Spider (0/4) Lair:3        Slime (0/5) Lair:6
    Orc (0/2) D:12         Vaults (0/5) D:13
 Depths: D:15

Altars:
Ashenzari
Fedhas
Gozag
Nemelex Xobeh
Qazlal
Sif Muna
Vehumet
Yredelemnul
Zin
The Shining One


Innate Abilities, Weirdness & Mutations

You can walk on water.
You have a pair of small horns on your head.
Your flesh is cold resistant. (rC+)
Armour fits poorly on your strangely shaped body.


Message History

The unseen horror is severely wounded.
The unseen horror barely misses you.
Evoke which item? (* to show all) (? for menu, Esc to quit)
Aiming: Paralyse
Press: ? - help, Shift-Dir - straight line, f - enormous slime creature
Aim: an enormous slime creature (moderately wounded, chance to defeat MR: 28%)
Okay, then.
You feel much better. You block the unseen horror's attack.
You slice the enormous slime creature!!
Your headbutt misses the enormous slime creature.
The enormous slime creature is moderately wounded.
You block the enormous slime creature's attack.
You slash the enormous slime creature!
The enormous slime creature is heavily wounded.
You completely miss the unseen horror. You block the unseen horror's attack.
You slash the enormous slime creature!
You headbutt the enormous slime creature.
The enormous slime creature is heavily wounded.
You block the unseen horror's attack. The enormous slime creature hits you!!!
You die...

$..# .. #### ...##..
##+#########.... .......
#<............. .......
##.../........ .......
##........##. .......
#.......÷.#########)...(..
#........xo@J.s.JJ(†(.....
##...##...##x....##...##..
#.#####...##.....# #### #.
#....##.....# ##
#....######## #......
#....... #.........
##########


You could see an enormous slime creature, 2 slime creatures, an unseen horror
(invisible), a scorpion, the friendly Brunolf the orc knight and a friendly
unseen horror (invisible).

Vanquished Creatures
  Snorg (Lair:5)
  2 hydras
  4 centaur warriors
  A two-headed ogre (D:14)
  A tengu warrior (D:14)
  5 death yaks (Lair:6)
  3 skeletal warriors (D:14)
  The ghost of Azzok the Slicer, a novice KoEn of Vehumet (D:8)
  5 unseen horrors
  2 lindwurms
  A wolf spider (D:12)
  3 manticores
  7 ugly things
  7 oklob plants
  2 centaur zombies
  Maurice (D:10)
  A guardian serpent (shapeshifter) (D:13)
  2 elephants (Lair:5)
  3 gargoyles
  2 torpor snails (Lair:6)
  8 spiny frogs
  Joseph (D:10)
  3 black mambas (Lair:6)
  2 rime drakes (Lair:6)
  4 komodo dragons
  An efreet (D:13)
  A tengu conjurer (D:13)
  2 trolls
  A polar bear (Lair:5)
  12 blink frogs
  7 hippogriffs
  4 slime creatures
  2 dream sheep (Lair:6)
  A wraith (D:9)
  A wyvern (Lair:5)
  22 yaks
  Sigmund (D:6)
  A basilisk (Lair:5)
  A shadow (D:12)
  Grum (D:11)
  6 vampire mosquitoes
  A hog (Lair:6)
  A hungry ghost (D:8)
  4 wargs (D:10)
  11 porcupines
  3 water moccasins
  5 sky beasts
  3 orc warriors
  The ghost of GordonOverkill the Skirmisher, an amateur HOTm (D:3)
  3 ice beasts
  2 phantoms
  A black bear (D:8)
  A necrophage (D:9)
  8 centaurs
  3 boggarts (D:14)
  3 wolves
  2 ogres
  4 crocodiles
  Blork the orc (D:7)
  A big kobold (D:8)
  15 bullfrogs
  A scorpion (D:4)
  7 killer bees
  A water moccasin skeleton (D:9)
  6 wights
  2 howler monkeys
  2 electric eels
  5 crimson imps
  A quasit (D:8)
  3 bullfrog zombies
  6 human zombies (D:9)
  4 hounds
  4 jellies
  5 orc priests
  2 bullfrog skeletons (D:4)
  4 centaur skeletons
  5 iguanas
  5 orc wizards
  3 worker ants
  3 hound zombies
  2 hound skeletons
  A howler monkey zombie (D:8)
  13 adders
  13 gnolls (Bailey)
  2 howler monkey skeletons
  4 shadow imps
  2 oozes
  2 adder zombies
  2 worms (D:4)
  2 dart slugs
  3 leopard geckos
  10 orcs
  5 giant cockroaches
  9 goblins
  14 hobgoblins
  3 jackals (D:10)
  23 kobolds
  2 quokkas
  5 bats
  2 frilled lizards
  An orc skeleton (D:9)
  6 rats
  5 fungi
409 creatures vanquished.

Vanquished Creatures (collateral kills)
  Kirke (Lair:6)
  Nessos (D:14)
  8 hydras
  2 centaur warriors
  4 death yaks
  A two-headed ogre (D:13)
  6 skeletal warriors (D:14)
  2 unseen horrors
  An unseen horror (shapeshifter) (D:13)
  A lindwurm (Lair:6)
  An oklob plant (Lair:5)
  A deep elf mage (D:13)
  A manticore (D:13)
  12 elephants
  A black mamba (Lair:4)
  2 centaur skeletons
  7 spiny frogs
  6 komodo dragons
  3 rime drakes
  An efreet (D:15)
  A freezing wraith (D:13)
  A tengu conjurer (D:13)
  A troll (D:13)
  3 polar bears (Lair:4)
  3 meliai (D:14)
  A dream sheep (Lair:6)
  2 slime creatures (D:12)
  A hippogriff (Lair:2)
  12 blink frogs
  A centaur simulacrum (D:14)
  2 vampires
  A shadow (D:14)
  A hog (Lair:6)
  A wraith (D:14)
  4 yaks
  2 basilisks
  A vampire mosquito (D:14)
  2 hungry ghosts
  3 water moccasins
  2 soldier ants
  An orc warrior (D:14)
  3 porcupines
  3 black bears
  An ogre (D:13)
  A wolf (D:11)
  A boggart (D:14)
  3 centaurs
  8 crocodiles
  A crocodile (shapeshifter) (D:13)
  A big kobold (D:12)
  An elf zombie (D:9)
  2 bullfrogs
  A howler monkey (D:10)
  A crimson imp (D:10)
  3 centaur zombies
  An orc wizard (D:10)
  A worker ant (D:13)
  A shadow imp (D:14)
  3 orcs
  A jackal (D:10)
  10 fungi
  4 plants
159 creatures vanquished.

Vanquished Creatures (others)
  3 orc knights
  An oklob plant (Lair:6)
  3 orc warriors (D:12)
  A slime creature (D:15)
  2 humans (Lair:6)
  3 orc wizards
  An ogre (D:4)
  A centaur (D:14)
  A worker ant (D:14)
  A dart slug (D:4)
  11 orcs
  A giant cockroach (D:4)
  2 kobolds (Bailey)
  6 fungi
  6 plants
43 creatures vanquished.

Grand Total: 611 creatures vanquished

Notes
Turn   | Place    | Note
-------+----------+-------------------------------------------
     0 | D:1      | Kriby the Hill Orc Fighter began the quest for the Orb.
     0 | D:1      | Reached XP level 1. HP: 19/19 MP: 1/1
   206 | D:1      | Reached skill level 3 in Axes
   206 | D:1      | Reached XP level 2. HP: 22/27 MP: 2/2
   334 | D:1      | You fall through a shaft!
   575 | D:2      | Reached XP level 3. HP: 21/33 MP: 3/3
  1160 | D:3      | Noticed GordonOverkill's ghost (amateur HOTm)
  1168 | D:3      | Killed GordonOverkill's ghost
  1168 | D:3      | Reached skill level 4 in Axes
  1168 | D:3      | Reached XP level 4. HP: 29/41 MP: 4/4
  1168 | D:3      | Reached XP level 5. HP: 33/47 MP: 5/5
  1259 | D:3      | Found a blossoming altar of Fedhas.
  2098 | D:4      | Became a worshipper of Beogh the Brigand
  2337 | D:4      | Reached skill level 5 in Fighting
  2337 | D:4      | Reached XP level 6. HP: 27/56 MP: 6/6
  2641 | D:4      | Reached skill level 5 in Axes
  2648 | D:4      | Got a transparent ring mail
  2656 | D:4      | Identified the +5 ring mail of the Black Skies {Str+4} (You found it on level 4 of the Dungeon)
  3026 | D:5      | Entered Level 5 of the Dungeon
  3067 | D:5      | Reached skill level 5 in Armour
  3067 | D:5      | Reached skill level 5 in Shields
  3338 | D:5      | Noticed a sky beast
  3351 | D:5      | Killed a sky beast
  3351 | D:5      | Reached XP level 7. HP: 45/61 MP: 7/7
  3763 | D:5      | Found a shattered altar of Ashenzari.
  3832 | D:6      | Reached skill level 6 in Axes
  3832 | D:6      | Reached skill level 1 in Dodging
  4087 | D:6      | Reached XP level 8. HP: 54/70 MP: 8/8
  4217 | D:6      | Reached skill level 7 in Axes
  4309 | D:6      | Reached * piety under Beogh
  4731 | D:6      | Noticed Sigmund
  4738 | D:6      | Killed Sigmund
  4738 | D:6      | Reached skill level 8 in Axes
  5119 | D:6      | Reached XP level 9. HP: 73/79 MP: 9/9
  5157 | D:6      | Reached skill level 9 in Axes
  5748 | D:7      | Found a stormy altar of Qazlal.
  5903 | D:7      | Reached ** piety under Beogh
  6019 | D:7      | Reached skill level 10 in Axes
  6187 | D:7      | Found an opulent altar of Gozag.
  6371 | D:7      | Found a sparkling altar of Nemelex Xobeh.
  6459 | D:7      | Noticed Blork the orc
  6464 | D:7      | Killed Blork the orc
  6472 | D:7      | Found a deep blue altar of Sif Muna.
  6497 | D:7      | Found Zin's Purification Station.
  6499 | D:7      | Found a glowing silver altar of Zin.
  6505 | D:7      | Bought a potion of curing for 90 gold pieces
  6605 | D:7      | Found a staircase to the Ecumenical Temple.
  6681 | D:8      | Noticed Azzok's ghost (novice KoEn)
  6711 | D:8      | Killed Azzok's ghost
  6711 | D:8      | Reached skill level 1 in Invocations
  6711 | D:8      | Reached XP level 10. HP: 35/88 MP: 9/11
  6993 | D:8      | Found a glowing golden altar of the Shining One.
  7020 | D:8      | Reached skill level 11 in Axes
  7471 | D:8      | Found a basalt altar of Yredelemnul.
  7472 | D:8      | Found a radiant altar of Vehumet.
  7958 | D:9      | Reached *** piety under Beogh
  8000 | D:9      | Found a staircase to the Lair.
  8686 | D:9      | Found a basalt altar of Yredelemnul.
  8996 | D:10     | Entered Level 10 of the Dungeon
  9018 | D:10     | Reached skill level 12 in Axes
  9088 | D:10     | Reached XP level 11. HP: 95/97 MP: 14/14
  9257 | D:10     | Noticed Maurice
  9267 | D:10     | Killed Maurice
  9307 | D:10     | Noticed Joseph
  9315 | D:10     | Killed Joseph
  9317 | D:10     | Reached skill level 5 in Dodging
  9329 | D:10     | Reached **** piety under Beogh
  9691 | Lair:1   | Entered Level 1 of the Lair of Beasts
  9808 | Lair:1   | Identified the +3 quarterstaff "Beetlebane" {freeze, rC+ Int+6} (You found it on level 1 of the Lair of Beasts)
  9939 | Lair:1   | Reached skill level 5 in Invocations
 10301 | Lair:1   | Reached skill level 13 in Axes
 10393 | Lair:1   | Noticed a five-headed hydra
 10400 | Lair:1   | Killed a seven-headed hydra
 11231 | Lair:2   | Found a staircase to the Shoals.
 11231 | Lair:2   | Noticed a manticore
 11233 | Lair:2   | Got a faintly glowing hand axe
 11240 | Lair:2   | Killed a manticore
 11485 | Lair:2   | Reached skill level 10 in Fighting
 11734 | Lair:2   | Reached XP level 12. HP: 97/106 MP: 16/16
 12316 | Lair:3   | Noticed a six-headed hydra
 12324 | Lair:3   | Killed a six-headed hydra
 12339 | Lair:3   | Reached ***** piety under Beogh
 12339 | Lair:3   | Gained Orkrul as an ally
 12729 | Lair:3   | Found a hole to the Spider Nest.
 12877 | Lair:3   | Reached skill level 14 in Axes
 13459 | Lair:4   | Identified the +7 hand axe of Nuannin {freeze, Int+6} (You found it on level 2 of the Lair of Beasts)
 13498 | Lair:4   | Gained Bogdar as an ally
 13526 | Lair:4   | Gained Bogfrid as an ally
 13743 | Lair:4   | Noticed a seven-headed hydra
 13751 | Lair:4   | Killed a seven-headed hydra
 14201 | Lair:5   | Noticed a five-headed hydra
 14207 | Lair:5   | Killed a five-headed hydra
 14207 | Lair:5   | Reached skill level 10 in Armour
 14265 | Lair:5   | Reached XP level 13. HP: 53/115 MP: 19/19
 14446 | Lair:5   | Noticed Snorg
 14458 | Lair:5   | Killed Snorg
 14458 | Lair:5   | Reached skill level 15 in Axes
 14885 | Lair:5   | Your ally Orkrul died
 14948 | Lair:5   | Reached skill level 10 in Shields
 15628 | Lair:6   | Entered Level 6 of the Lair of Beasts
 15632 | Lair:6   | Noticed Kirke
 15640 | Lair:6   | Killed Kirke
 16081 | Lair:6   | Found a staircase to the Slime Pits.
 16128 | Lair:6   | Reached skill level 16 in Axes
 16385 | Lair:6   | Reached ****** piety under Beogh
 16825 | Lair:6   | Reached XP level 14. HP: 125/125 MP: 21/21
 17382 | Lair:6   | Reached skill level 10 in Invocations
 17385 | Lair:6   | Gained Orkwin as an ally
 17387 | Lair:6   | Your ally Bogfrid died
 17817 | Lair:6   | Got a vibrating marble ring
 18490 | D:11     | Found a flagged portal.
 18508 | Bailey   | Entered a bailey
 18800 | Bailey   | Reached skill level 18 in Axes
 18800 | Bailey   | Reached XP level 15. HP: 132/132 MP: 22/22
 18839 | Bailey   | Gained mutation: Armour fits poorly on your strangely shaped body. [potion of mutation]
 18839 | Bailey   | Gained mutation: Your flesh is cold resistant. (rC+) [potion of mutation]
 18839 | Bailey   | Gained mutation: You have a pair of small horns on your head. [potion of mutation]
 18996 | D:11     | Identified the ring "Vojeaxew" {rElec rF+ rN+ Dex-3 Stlth+} (You found it on level 6 of the Lair of Beasts)
 18997 | D:11     | Identified the ring of Wonder {*Corrode +Inv rN+++ Str+3} (You found it on level 11 of the Dungeon)
 19146 | D:11     | Noticed Grum
 19164 | D:11     | Killed Grum
 19320 | D:11     | Gained Ogrik as an ally
 19716 | D:12     | Found a staircase to the Orcish Mines.
 20021 | D:12     | Gained Wargrak as an ally
 21874 | D:13     | Found a gate to the Vaults.
 22367 | D:14     | Noticed Nessos
 22381 | D:14     | Killed Nessos
 23014 | D:14     | Reached XP level 16. HP: 114/141 MP: 24/24
 23289 | D:14     | Reached skill level 19 in Axes
 24028 | D:15     | Entered Level 15 of the Dungeon
 24088 | D:15     | Gained Brunolf as an ally
 24132 | D:15     | Mangled by an enormous slime creature

Vault maps used:
D:1:      tarquinn_simple_flora_water_e
D:2:      first_ration, serial_corexii_hall, corexii_hall_statues_u,
          corexii_hall_statues_u, corexii_hall_statues_s, corexii_hall_statues_s
D:3:      fedhas_altar_3, corexii_corridor_pit, minivault_5
D:4:      lemuel_upstairs_altar
D:5:      nicolae_overflow_hidden_temple
D:6:      minmay_diamond_boxcup, uniq_sigmund
D:7:      tgw_sif, marbit_many_paths, grunt_gozag_statues,
          grunt_qazlal_sundering, zin_purify, minmay_temple_entry_fiery,
          grunt_ogre_cave
D:8:      old_standard_altar, chequers_temple_overflow_statue_of_worship,
          minmay_small_thing
D:9:      lair_entry_dummy, hex_large, lemuel_mausoleum_altar_yredelemnul
D:10:     nooodl_orcs_dogs, uniq_joseph, uniq_maurice
D:11:     enter_bailey_3, uniq_grum
D:12:     minmay_ornate_pinched, david_orc_2, serial_bayou_pond_a
D:13:     minmay_opposing_rooms, david_vaults_4
D:14:     minmay_misc_feat_columns, uniq_nessos
D:15:     grunt_enter_depths_magical_seal, minivault_11, lemuel_oklob_altar
Lair:1:   grunt_megastairs_4
Lair:2:   minmay_shoals_entry_beasts, lemuel_fruit_fields, serial_bayou_shore_a
Lair:3:   spider_nest_entry_web_field, grunt_megastairs_1
Lair:4:   beast_lair_carwin_1
Lair:5:   st_stairs_11, minmay_lair_oklob_chamber, grunt_megastairs_2,
          uniq_snorg
Lair:6:   hangedman_lair_in_review, minmay_slime_entry_oklob_open,
          wad_woods_road_04, uniq_kirke
Bailey:   bailey_axe_2, bailey

Skill      XL: |  1  2  3  4  5  6  7  8  9 10 11 12 13 14 15 16 |
---------------+-------------------------------------------------+-----
Axes           | 3 4 5 6 8 10 12 13 14 16 18 19 | 19.2
Fighting       | 4 5 6 7 8 9 10 11 12 13 | 13.0
Armour         | 4 5 6 7 8 9 10 11 12 | 12.1
Shields        | 4 5 6 7 8 9 10 11 | 11.7
Dodging        | 1 2 4 5 6 7 8 |  8.6
Invocations    | 1 4 6 8 9 10 11 | 11.6

Action                   |  1- 3 |  4- 6 |  7- 9 | 10-12 | 13-15 | 16-18 || total
-------------------------+-------+-------+-------+-------+-------+-------++-------
Melee: War axe           |    58 |   139 |   216 |   487 |   563 |    91 ||  1554
       Battleaxe         |       |       |    56 |       |       |       ||    56
       Morningstar       |       |       |       |       |    14 |     3 ||    17
       Headbutt          |       |       |       |       |    55 |    30 ||    85
Throw: Tomahawk          |       |       |     4 |       |       |       ||     4
Invok: Convert to Beogh  |       |     1 |       |       |       |       ||     1
       Recall Orcish Fol |       |       |       |     4 |     4 |       ||     8
       Give Item to Name |       |       |       |       |     5 |       ||     5
       Resurrection      |       |       |       |       |     1 |       ||     1
 Abil: Evoke Invisibilit |       |       |       |       |     1 |       ||     1
Evoke: Wand              |       |       |     8 |    25 |     9 |       ||    42
       Sack of spiders   |       |       |       |       |     1 |     3 ||     4
  Use: Potion            |     1 |     1 |     3 |     3 |     9 |     3 ||    20
       Scroll            |       |     3 |    12 |     8 |     6 |     1 ||    30
 Stab: Distracted        |       |       |       |     4 |     6 |     1 ||    11
       Invisible         |       |       |       |       |     8 |       ||     8
       Sleeping          |       |       |       |       |     1 |       ||     1
  Eat: Chunk             |     1 |     7 |    11 |    16 |    25 |     3 ||    63
       Ration            |       |       |       |     3 |     1 |       ||     4
Armor: Scale mail        |    25 |    53 |       |       |       |       ||    78
       Ring mail         |       |    30 |   100 |   157 |   185 |    20 ||   492
       Skin              |       |       |    20 |       |       |       ||    20
Dodge: Dodged            |    23 |    46 |    86 |   164 |   220 |    38 ||   577
Block: Shield            |    30 |    87 |    97 |   268 |   406 |    69 ||   957
       Reflection        |       |       |       |     1 |    47 |     7 ||    55

Table legend:
 A = Spawn XP
 B = Non-spawn XP
 C = Spawn XP percentage of total XP
 D = Spawn monster count
 E = Non-spawn monster count
 F = Spawn count percentage of total count
 G = Total turns spent on level
                    A         B        C        D         E        F      G
               +---------+---------+-------+---------+---------+-------+---------
         Total |       0 |  105623 |   0.0 |       0 |     552 |   0.0 | 24132
               +---------+---------+-------+---------+---------+-------+---------
           D:1 |       0 |      21 |   0.0 |       0 |       9 |   0.0 |   334
           D:2 |       0 |      42 |   0.0 |       0 |      12 |   0.0 |   826
           D:3 |       0 |     167 |   0.0 |       0 |      21 |   0.0 |   955
           D:4 |       0 |     318 |   0.0 |       0 |      14 |   0.0 |   911
           D:5 |       0 |     202 |   0.0 |       0 |       7 |   0.0 |   778
           D:6 |       0 |    1914 |   0.0 |       0 |      30 |   0.0 |  1679
           D:7 |       0 |    1761 |   0.0 |       0 |      21 |   0.0 |  1162
           D:8 |       0 |    2617 |   0.0 |       0 |      33 |   0.0 |  1296
           D:9 |       0 |    1742 |   0.0 |       0 |      29 |   0.0 |  1171
          D:10 |       0 |    2281 |   0.0 |       0 |      26 |   0.0 |   655
          D:11 |       0 |    4971 |   0.0 |       0 |      28 |   0.0 |   870
          D:12 |       0 |    4914 |   0.0 |       0 |      21 |   0.0 |  1205
          D:13 |       0 |   12297 |   0.0 |       0 |      32 |   0.0 |  1396
          D:14 |       0 |   14648 |   0.0 |       0 |      45 |   0.0 |  1727
          D:15 |       0 |    5674 |   0.0 |       0 |      16 |   0.0 |   104
        Lair:1 |       0 |    5351 |   0.0 |       0 |      24 |   0.0 |  1435
        Lair:2 |       0 |    2484 |   0.0 |       0 |      12 |   0.0 |  1185
        Lair:3 |       0 |    4422 |   0.0 |       0 |      21 |   0.0 |  1151
        Lair:4 |       0 |    4275 |   0.0 |       0 |      17 |   0.0 |   737
        Lair:5 |       0 |   11432 |   0.0 |       0 |      35 |   0.0 |  1507
        Lair:6 |       0 |   23869 |   0.0 |       0 |      66 |   0.0 |  2582
        Bailey |       0 |     221 |   0.0 |       0 |      33 |   0.0 |   466
               +---------+---------+-------+---------+---------+-------+---------
